 Dungeon Crawl Stone Soup version 0.23.2-1-ga50397a (webtiles) character file.

Game seed: 657889268016086697

46 MalarOregon the Ruffian (level 3, -1/30 HPs)
             Began as a Ghoul Gladiator on June 3, 2019.
             Slain by Sigmund
             ... wielding a +0 scythe
              (7 damage)
             ... on level 2 of the Dungeon.
             The game lasted 00:02:01 (930 turns).

MalarOregon the Ruffian (Ghoul Gladiator)            Turns: 930, Time: 00:02:02

Health: -1/30      AC:  6    Str: 17    XL:     3   Next: 66%
Magic:  2/2        EV: 12    Int:  3    God:
Gold:   81         SH:  0    Dex: 11    Spells: 2/2 levels left

rFire    . . .     SeeInvis .     - Unarmed
rCold    + . .     Gourm    .   (no shield)
rNeg     + + +     Faith    .   a - +0 leather armour
rPois    ∞         Spirit   .   b - +0 helmet
rElec    .         Reflect  .   (no cloak)
rCorr    .         Harm     .   n - +1 pair of gloves
MR       .....                  (no boots)
Stlth    +.........             (no amulet)
HPRegen  0.00/turn              (no ring)
MPRegen  0.08/turn              (no ring)

@: confused, rotting, hasted, very quick
A: rotting body, claws 1, carnivore, cold resistance 1, negative energy
resistance 3, inhibited regeneration, torment resistance, unbreathing
a: no special abilities


You were on level 2 of the Dungeon.
You were not hungry.

You visited 1 branch of the dungeon, and saw 2 of its levels.

You collected 81 gold pieces.

Inventory:

Missiles
 c - 3 throwing nets (quivered) {!f}
 l - 16 poisoned needles
Armour
 a - a +0 leather armour (worn)
 b - a +0 helmet (worn)
 n - a +1 pair of gloves (worn)
   (You found it on level 2 of the Dungeon)
Wands
 p - a wand of polymorph (8)
   (You found it on level 2 of the Dungeon)
Scrolls
 f - a scroll of identify {unknown}
 g - a scroll of magic mapping {unknown}
 i - a scroll of teleportation {unknown}
 k - a scroll of random uselessness {unknown}
 m - a scroll of noise {unknown}
Potions
 h - a potion of haste {@q3}
Comestibles
 e - 5 rations {!d}
 o - a chunk of flesh


   Skills:
 + Level 2.9 Fighting
 + Level 2.3 Throwing
 + Level 3.1 Dodging
 + Level 3.7 Unarmed Combat


You had 2 spell levels left.
You didn't know any spells.
Your spell library was empty.

Dungeon Overview and Level Annotations

Branches:
Dungeon (2/15)

Altars:

Annotations:
D:2 Sigmund


Innate Abilities, Weirdness & Mutations

Your body is rotting away.
You thrive on raw meat.
You are immune to poison.
You have sharp fingernails.
You are carnivorous and can eat meat at any time.
Your flesh is cold resistant. (rC+)
You are immune to negative energy. (rN+++)
You do not regenerate when monsters are visible.
You are immune to unholy pain and torment.
You can survive without breathing.


Message History

Sigmund mumbles some strange words.
Sigmund flickers and vanishes!
Deactivating autopickup; reactivate with Ctrl-A.
Something hits you!
You bump into the rock wall.
You're too confused to move!
You feel less invigorated.
Unknown command.
You completely miss something. Something hits you.
You're too confused to move!
Unknown command.
You bump into the rock wall.
Something hits you.
You're too confused to move!
Unknown command.
You bump into the rock wall.
You hear some strange, mumbled words.
You are more confused.
You bump into the rock wall.
Unknown command.
You bump into the rock wall.
Something hits you but does no damage.
You bump into the rock wall.
Unknown command.
You miss something. Something hits you.
* * * LOW HITPOINT WARNING * * *
You bump into the rock wall.
Unknown command.
You are starting to lose your buoyancy.
You hear some strange, mumbled words.
A puff of flame appears from out of thin air!
The puff of flame hits you.
* * * LOW HITPOINT WARNING * * *
You bump into the rock wall.
You bump into the rock wall.
Something hits you.
* * * LOW HITPOINT WARNING * * *
Unknown command.
Unknown command.
You bump into the rock wall.
You bump into the rock wall.
You feel less confused.
You are confused.
You float gracefully downwards.
You bump into the rock wall.
You bump into the rock wall.
You bump into the rock wall.
Something hits you!
You die...

### ## #.##########.
##############............
#........@......#########.
#.############..# #. #.#
#..# #. #.# #..# #. ...
#..# #. ≈≈≈ #..# #. #...#
#..# #. #..#. #..# #.
#..#. #..# #.


There were no monsters in sight!

Vanquished Creatures
  An adder (D:2)
  An ooze (D:1)
  A dart slug (D:2)
  A leopard gecko (D:1)
  2 giant cockroaches (D:1)
  4 goblins (D:1)
  4 hobgoblins (D:1)
  5 kobolds
  A ball python (D:1)
  5 bats
  A frilled lizard (D:1)
  2 rats
28 creatures vanquished.

Notes
Turn   | Place    | Note
-------+----------+-------------------------------------------
     0 | D:1      | MalarOregon the Ghoul Gladiator began the quest for the
                  | Orb.
     0 | D:1      | Reached XP level 1. HP: 17/17 MP: 0/0
   174 | D:1      | Reached XP level 2. HP: 21/25 MP: 1/1
   361 | D:1      | Reached XP level 3. HP: 27/30 MP: 2/2
   891 | D:2      | Noticed Sigmund
   930 | D:2      | Slain by Sigmund

Skill      XL: |  1  2 |
---------------+-------+-----
Throwing       | 2 |  2.3
Dodging        | 3 |  3.1
Fighting       | |  2.9
Unarmed Combat | |  3.7

Action                   || total
-------------------------++-------
Melee: Unarmed           ||    95
       Punch             ||     1
  Use: Potion            ||     3
  Eat: Chunk             ||     2
Armor: Leather armour    ||    25
Dodge: Dodged            ||    51
